Map: Fracture LE

Players

Michael - Winner!

  • Race: Zerg Zerg
  • League: Gold
  • Spawn Location: 11:00

AFSchmidt

  • Race: Protoss Protoss
  • League: Platinum
  • Spawn Location: 5:00

VOD

Have the link to the VOD?

Description

Time

  • Played on: Oct. 7, 2018, 8 a.m.
  • Length: 19:28
Show
View Real Time Build Order
Export as new Build Order

Michael Zerg - Winner!

Build Orders: Pool First 

Get SALT Encoding   

  12  0:01  Drone  
  13  0:13  Overlord  
  13  0:20  Drone  
  14  0:31  Drone x2  
  14  0:35  Drone  
  17  0:41  Extractor  
  16  0:45  Drone  
  17  0:54  Spawning Pool  
  17  0:56  Drone  
  17  1:08  Drone  
  18  1:28  Hatchery  
  18  1:30  Drone  
  18  1:40  Queen  
  20  1:51  Metabolic Boost  
  20  1:53  Zergling x2  
  21  1:57  Zergling x2  
  21  2:01  Zergling x2  
  22  2:09  Overlord  
  22  2:28  Queen  
  22  2:29  Drone  
  26  2:30  Drone  
  26  2:39  Drone  
  26  2:41  Drone  
  28  2:46  Queen  
  31  2:51  Drone  
  31  2:54  Drone  
  31  2:56  Drone  
  33  3:11  Drone x2  
  35  3:14  Drone  
  35  3:16  Overlord  
  35  3:19  Overlord  
  35  3:38  Drone  
  36  3:42  Hatchery  
  35  3:49  Roach Warren  
  35  3:54  Queen  
  36  3:55  Drone  
  36  3:57  Drone  
  36  4:00  Drone  
  36  4:01  Drone  
  40  4:04  Drone  
  41  4:10  Drone x2  
  41  4:11  Drone  
  41  4:13  Drone  
  45  4:21  Lair  
  45  4:26  Drone, Evolution Chamber  
  45  4:27  Extractor, Drone  
  45  4:29  Drone  
  46  4:44  Spore Crawler  
  45  4:45  Spore Crawler  
  45  4:47  Spore Crawler  
  45  4:48  Spore Crawler  
  45  4:50  Spore Crawler  
  41  4:56  Zerg Ground Armor Level 1  
  41  4:59  Drone x4  
  45  5:01  Drone  
  46  5:12  Drone x4  
  50  5:22  Overlord x3  
  50  5:38  Hydralisk Den  
  50  5:39  Queen  
  50  5:40  Spore Crawler  
  50  5:41  Glial Reconstitution  
  50  5:51  Drone  
  50  5:52  Drone x2  
  50  5:54  Drone x7  
  50  5:55  Drone  
  61  6:04  Infestation Pit  
  61  6:09  Muscular Augments  
  60  6:11  Spire  
  59  6:27  Drone x3  
  59  6:28  Drone x2  
  59  6:31  Extractor  
  59  6:32  Extractor  
  62  6:33  Spore Crawler x2  
  62  6:36  Spore Crawler, Spine Crawler  
  62  6:37  Spine Crawler x2  
  56  6:40  Drone  
  56  6:41  Drone x3  
  56  6:42  Drone  
  56  6:44  Drone  
  56  6:45  Drone  
  63  6:47  Drone  
  63  6:49  Drone  
  63  6:50  Drone  
  63  6:53  Hydralisk  
  68  7:21  Zerg Missile Weapons Level 1  
  68  7:22  Grooved Spines, Hydralisk x3  
  68  7:24  Overlord x3  
  68  7:25  Overlord x2  
  74  7:33  Burrow  
  74  7:34  Pneumatized Carapace  
  74  7:38  Extractor  
  74  7:39  Extractor  
  74  7:42  Spine Crawler  
  74  7:43  Spine Crawler  
  70  7:44  Drone x3, Spine Crawler  
  70  7:48  Drone x3  
  70  7:49  Drone x3  
  78  7:55  Hydralisk  
  80  8:11  Evolution Chamber  
  79  8:17  Queen  
  81  8:25  Hatchery  
  80  8:28  Spine Crawler  
  80  8:30  Spore Crawler  
  80  8:31  Spore Crawler  
  80  8:33  Spine Crawler  
  76  8:37  Hydralisk x10  
  76  8:39  Hydralisk  
  76  8:41  Spore Crawler  
  97  8:51  Overlord x2  
  97  8:52  Overlord  
  97  8:58  Hydralisk x2  
  97  8:59  Hydralisk  
  103  9:07  Hydralisk x3  
  109  9:18  Lurker Den  
  109  9:21  Roach x5  
  117  9:31  Hydralisk x4  
  125  9:39  Queen  
  127  9:49  Drone x8  
  127  9:50  Drone  
  127  9:52  Drone  
  137  10:02  Drone  
  138  10:09  Overlord  
  138  10:10  Overlord x5  
  138  10:37  Hive  
  138  10:39  Zerg Ground Armor Level 2  
  138  10:41  Zerg Melee Weapons Level 1  
  130  10:59  Hydralisk x6  
  130  11:00  Hydralisk x9  
  131  11:14  Corruptor  
  131  11:15  Corruptor  
  135  11:22  Drone  
  135  11:23  Drone  
  135  11:25  Extractor  
  136  11:26  Extractor  
  135  11:44  Drone  
  135  11:45  Drone x3  
  135  11:46  Drone x2  
  141  11:49  Greater Spire  
  141  11:54  Adaptive Talons  
  141  11:57  Adrenal Glands  
  141  12:10  Zergling x34  
  141  12:11  Zergling x18  
  167  12:32  Hatchery  
  166  12:40  Hatchery  
  164  12:51  Corruptor x10  
  178  13:02  Zerg Melee Weapons Level 2  
  178  13:13  Corruptor x2  
  178  13:14  Corruptor  
  178  13:16  Overlord x4  
  178  13:19  Overseer x2  
  184  13:35  Corruptor x3  
  190  13:43  Zerg Flyer Armor Level 1  
  190  13:51  Queen  
  190  13:53  Drone  
  190  13:54  Queen  
  195  13:56  Drone  
  196  14:10  Brood Lord x2  
  195  14:21  Corruptor x2  
  190  14:38  Corruptor x5  
  151  14:41  Corruptor  
  131  14:55  Corruptor x2  
  131  14:56  Corruptor  
  119  15:07  Corruptor  
  119  15:08  Corruptor  
  121  15:20  Corruptor x2  
  121  15:55  Corruptor x3  
  121  15:56  Corruptor x2  
  131  16:01  Extractor, Brood Lord  
  131  16:02  Extractor  
  131  16:05  Drone x3  
  131  16:06  Drone x2  
  131  16:07  Drone  
  131  16:08  Drone  
  131  16:09  Drone x4  
  131  16:10  Drone  
  143  16:13  Extractor  
  142  16:25  Brood Lord x2  
  146  16:32  Corruptor x2  
  150  16:49  Brood Lord x2  
  148  17:04  Brood Lord x2  
  148  17:25  Corruptor x5  
  148  17:26  Corruptor  
  160  17:33  Corruptor  
  160  17:36  Zergling x38  
  160  17:37  Zergling x10  
  186  17:48  Zergling x14  
  186  17:49  Zergling x2  
  186  18:17  Zergling x2  
  186  18:18  Zergling x34  
  186  18:19  Zergling x2  
  193  18:45  Zergling x2  
  193  18:46  Zergling x12  
  193  18:47  Zergling x2  
Show
View Real Time Build Order
Export as new Build Order

AFSchmidt Protoss 

Build Orders:  

Get SALT Encoding   

  12  0:12  Probe  
  12  0:14  Pylon  
  12  0:20  Probe  
  14  0:29  Probe  
  15  0:38  Forge  
  15  0:42  Probe  
  16  0:56  Assimilator  
  16  1:08  Probe, Pylon  
  17  1:20  Gateway  
  17  1:31  Probe  
  18  1:34  Assimilator  
  18  1:36  Assimilator  
  18  1:43  Probe  
  18  1:44  Photon Cannon  
  19  2:08  Probe  
  20  2:15  Pylon  
  20  2:20  Probe  
  21  2:24  Cybernetics Core  
  21  2:38  Photon Cannon  
  21  2:45  Pylon  
  21  2:52  Probe  
  22  3:04  Probe, Stargate  
  23  3:10  Pylon  
  23  3:23  Probe  
  23  3:24  Shield Battery  
  24  3:28  Robotics Facility  
  24  3:46  Void Ray  
  28  4:02  Pylon  
  28  4:10  Pylon  
  28  4:16  Immortal  
  32  4:22  Void Ray  
  36  4:53  Void Ray  
  40  5:25  Nexus  
  40  5:29  Phoenix  
  38  5:50  Phoenix  
  40  6:10  Void Ray  
  40  6:12  Fleet Beacon  
  40  6:18  Photon Cannon  
  44  6:37  Immortal  
  46  7:11  Probe  
  43  7:19  Immortal, Probe  
  47  7:26  Stargate  
  47  7:29  Probe  
  48  7:32  Photon Cannon  
  49  7:37  Shield Battery  
  49  7:40  Probe  
  49  7:41  Probe  
  51  7:47  Assimilator  
  51  7:48  Probe  
  51  7:53  Assimilator  
  51  7:56  Probe  
  52  7:58  Phoenix  
  55  8:07  Probe  
  56  8:18  Robotics Bay  
  56  8:30  Pylon  
  56  8:33  Probe  
  57  8:36  Photon Cannon  
  57  8:37  Probe  
  58  8:45  Probe  
  59  8:49  Tempest  
  59  8:57  Probe  
  66  9:07  Anion Pulse-Crystals  
  66  9:09  Probe  
  67  9:14  Phoenix  
  69  9:21  Probe  
  70  9:27  Shield Battery  
  70  9:32  Protoss Air Weapons Level 1  
  70  9:33  Probe  
  71  9:59  Tempest  
  71  10:03  Carrier, Graviton Catapult, Pylon  
  83  10:13  Immortal  
  69  11:13  Colossus  
  75  11:19  Extended Thermal Lance  
  75  11:21  Carrier  
  81  11:27  Robotics Facility  
  81  11:32  Pylon  
  81  11:36  Shield Battery  
  81  11:39  Photon Cannon  
  81  11:50  Nexus  
  81  11:54  Shield Battery  
  81  12:00  Colossus  
  81  12:08  Protoss Air Armor Level 1  
  87  12:11  Protoss Ground Weapons Level 1  
  87  12:18  Colossus  
  87  12:29  Pylon  
  92  13:01  Carrier, Photon Cannon  
  92  13:02  Colossus  
  92  13:03  Photon Cannon  
  104  13:15  Probe  
  105  13:20  Assimilator  
  105  13:24  Assimilator  
  105  13:25  Probe  
  105  13:34  Probe  
  107  13:42  Probe, Shield Battery  
  108  13:53  Probe  
  109  13:56  Stargate  
  109  13:58  Robotics Facility  
  109  14:01  Immortal  
  113  14:04  Immortal  
  113  14:09  Phoenix  
  119  14:18  Phoenix  
  95  14:52  Phoenix  
  95  14:53  Phoenix x2  
  65  15:30  Phoenix x2  
  65  15:31  Phoenix  
  71  15:36  Photon Cannon x2  
  71  15:40  Photon Cannon  
  71  15:41  Shield Battery  
  71  15:43  Shield Battery  
  71  15:45  Shield Battery  
  71  15:52  Photon Cannon  
  71  15:55  Probe, Phoenix  
  73  16:03  Probe, Pylon  
  74  16:05  Pylon  
  74  16:08  Phoenix x2  
  79  16:13  Probe  
  80  16:20  Phoenix  
  80  16:25  Probe  
  83  16:37  Probe  
  83  16:39  Nexus  
  66  17:20  Pylon  
  66  17:21  Phoenix x2  
  66  17:22  Phoenix  
  66  17:23  Pylon  
  72  17:43  Phoenix x3  
  71  17:48  Stargate  
  71  17:50  Stargate  
  77  18:07  Phoenix  
  77  18:08  Phoenix x2  
  32  18:46  Phoenix x2  
  30  19:03  Probe, Gateway  
  30  19:05  Forge  
  31  19:11  Probe  
Tags
 
Matchup
PvZ
Opening
Pool First
Spawn Locations
Cross Positions
Add a new tag
Caveats
  • Supply blocks, unpowered buildings, or Contaminate may cause inaccurate times.
  • Supply counts are checked every 10 seconds.